 Dungeon Crawl Stone Soup version 0.25.0-1-g7eea58d2a3 (webtiles) character file.

Game seed: 14366870313210034231

7140 Froggeryz the Severer (level 10, -7/121 HPs)
             Began as a Minotaur Berserker on June 13, 2020.
             Was a High Priest of Trog.
             Mangled by a porcupine (9 damage)
             ... on level 10 of the Dungeon.
             The game lasted 00:08:25 (8495 turns).

Froggeryz the Severer (Minotaur Berserker)          Turns: 8495, Time: 00:08:27

Health: -7/121     AC: 18    Str: 24    XL:     10   Next: 85%
Magic:  9/9        EV: 11    Int:  4    God:    Trog [*****.]
Gold:   237        SH:  0    Dex: 17    Spells: 9/9 levels left

rFire    . . .     SeeInvis .   E - +5 hand axe
rCold    . . .     Gourm    .   (no shield)
rNeg     . . .     Faith    .   w - +0 chain mail
rPois    +         Spirit   .   (helmet restricted)
rElec    .         Reflect  .   z - +2 cloak {rPois}
rCorr    +         Harm     .   j - +0 pair of gloves
MR       ++...                  g - +0 pair of boots
Stlth    ..........             (no amulet)
HPRegen  1.30/turn              f - +6 ring of dexterity
MPRegen  0.11/turn              s - ring of resist corrosion

@: berserking, regenerating, very quick
A: retaliatory headbutt, horns 2
a: Berserk, Trog's Hand, Brothers in Arms, Renounce Religion


You were on level 10 of the Dungeon.
You worshipped Trog.
Trog was extremely pleased with you.
You were near starving.

You visited 1 branch of the dungeon, and saw 10 of its levels.
You also visited: Sewer.

You collected 385 gold pieces.
You spent 148 gold pieces at shops.

Inventory:

Hand Weapons
 e - a +0 war axe
 E - a +5 hand axe (weapon)
Missiles
 h - a throwing net
 k - 8 boomerangs of dispersal (quivered)
Armour
 g - a +0 pair of boots (worn)
 j - a +0 pair of gloves (worn)
 u - a +0 tower shield
 w - a +0 chain mail (worn)
 z - a +2 cloak of poison resistance (worn)
Jewellery
 f - a +6 ring of dexterity (left hand)
 m - an uncursed ring of fire {unknown}
 s - a ring of resist corrosion (right hand)
Wands
 t - a wand of flame (35)
 B - a wand of digging (9)
 D - a wand of iceblast (22)
Scrolls
 l - 6 scrolls of remove curse
 n - 5 scrolls of teleportation
 o - 3 scrolls of blinking
 p - 2 scrolls of magic mapping
 r - a scroll of identify
 y - a scroll of enchant armour
Potions
 a - a potion of berserk rage
 b - a potion of stabbing {unknown}
 d - 3 potions of curing
 q - a potion of flight
 A - a potion of lignification
 C - 2 potions of heal wounds
Comestibles
 c - 24 rations
 i - 3 chunks of flesh


   Skills:
 + Level 5.1 Fighting
 * Level 15.7 Axes
 - Level 10.0 Armour
 - Level 5.0 Dodging


You had 9 spell levels left.
You didn't know any spells.
Your spell library was empty.

Dungeon Overview and Level Annotations

Branches:
Dungeon (10/15)            Temple (0/1) D:5            Lair (0/6) D:10
  Sewer (visited)
    Orc: D:9-12

Altars:
Ashenzari
Fedhas
Makhleb
Ru
Trog
Vehumet
Xom
Yredelemnul
The Shining One

Shops:
D:5 [   D:6 [

Annotations:
D:8 3 runed translucent doors, Delamore's ghost, novice GrFi
D:10 Harold


Innate Abilities, Weirdness & Mutations

You reflexively headbutt those who attack you in melee.
You have a pair of horns on your head.


Message History

Trog accepts your kill.
Your Fighting skill increases to level 5!
You are struck by the porcupine's spines.
* * * LOW HITPOINT WARNING * * *
You hit the porcupine. You slash the crocodile!
The porcupine bites you but does no damage.
You completely miss the crocodile.
The crocodile is moderately wounded.
You closely miss the yak. You closely miss the porcupine.
The yak gores you but does no damage.
Harold the Weathered comes into view.
He is wielding a +0 battleaxe.
The crocodile bites you.
* * * LOW HITPOINT WARNING * * *
You slash the crocodile!
The crocodile is severely wounded.
You closely miss the porcupine. You hit the yak.
You kill the yak!
Trog accepts your kill. The porcupine bites you!
You die...

♣...........#.........#
......#######.........#
.P......#...............#
P.P...P♣+.##....#.......#
....♣...#.##....#.......#
.♣PP......##............#
.@P.P.P..†..............#
.>..P.Ytr...............#
.....FY†@+#####...####..#
..P..PP††.....#...# ..#
P.PP..........#...# .#
P.............# ..#
PP..^.........# .#
...P..........#
.....#....##..#
.....#+#### ..# ..... ..


You could see Harold, 2 yaks, a crocodile, a bullfrog and a porcupine.

Vanquished Creatures
  An orange crystal statue (D:8)
  A manticore (D:10)
  3 trolls (D:9)
  4 hornets
  2 hippogriffs
  A wyvern (D:9)
  4 yaks (D:10)
  A water moccasin (D:7)
  2 black bears
  3 porcupines (D:10)
  2 ice beasts
  2 orc warriors
  An eye of draining (D:9)
  A necrophage (D:9)
  4 phantoms
  6 ogres
  A crocodile (D:7)
  A big kobold (D:8)
  3 bullfrogs
  A wyvern zombie (D:7)
  4 scorpions
  A howler monkey (D:4)
  2 bullfrog zombies
  4 crimson imps
  A quasit (D:7)
  3 hounds
  4 orc priests
  3 jellies
  A bullfrog skeleton (D:5)
  5 orc wizards
  A centaur skeleton (D:7)
  An iguana (D:9)
  6 worker ants
  A hound skeleton (D:7)
  Robin (D:2)
  11 adders
  7 gnolls
  A shadow imp (D:7)
  An ooze (D:1)
  An adder zombie (D:5)
  An adder skeleton (D:7)
  2 dart slugs
  8 leopard geckos
  31 orcs
  4 ball pythons (Sewer)
  5 giant cockroaches
  12 goblins
  9 hobgoblins
  4 jackals (Sewer)
  13 kobolds
  2 quokkas
  8 bats
  5 frilled lizards
  A quokka skeleton (D:5)
  6 rats
  2 plants (Sewer)
216 creatures vanquished.

Vanquished Creatures (others)
  A plant (D:10)
1 creature vanquished.

Grand Total: 217 creatures vanquished

Notes
Turn   | Place    | Note
-------+----------+-------------------------------------------
     0 | D:1      | Froggeryz the Minotaur Berserker began the quest for the
                  | Orb.
     0 | D:1      | Reached XP level 1. HP: 19/19 MP: 0/0
    80 | D:1      | Reached skill level 4 in Axes
    85 | D:1      | Reached XP level 2. HP: 24/26 MP: 1/1
   488 | D:1      | Reached XP level 3. HP: 31/31 MP: 2/2
   497 | D:1      | Reached ** piety under Trog
   530 | D:2      | Noticed Robin
   731 | D:2      | Killed Robin
   731 | D:2      | Reached skill level 5 in Axes
   924 | D:2      | Found a bloodstained altar of Trog.
  1129 | D:2      | Reached XP level 4. HP: 34/39 MP: 3/3
  1485 | D:3      | Found a glowing golden altar of the Shining One.
  2110 | D:4      | Reached skill level 6 in Axes
  2110 | D:4      | Reached XP level 5. HP: 25/45 MP: 4/4
  2320 | D:4      | Reached *** piety under Trog
  2374 | D:4      | Noticed an ogre
  2382 | D:4      | Killed an ogre
  2382 | D:4      | Reached skill level 7 in Axes
  2382 | D:4      | Reached XP level 6. HP: 30/51 MP: 5/5
  2548 | D:4      | Found a burning altar of Makhleb.
  2608 | D:4      | Reached skill level 8 in Axes
  2608 | D:4      | Reached skill level 5 in Dodging
  2903 | D:5      | Entered Level 5 of the Dungeon
  2903 | D:5      | Found a radiant altar of Vehumet.
  2911 | D:5      | Reached XP level 7. HP: 32/57 MP: 6/6
  3003 | D:5      | Found a glowing drain.
  3017 | Sewer    | Entered a sewer
  3706 | D:5      | Found a staircase to the Ecumenical Temple.
  3709 | D:5      | Reached skill level 9 in Axes
  4118 | D:5      | Found a basalt altar of Yredelemnul.
  4373 | D:5      | Found Roucuubu's Armour Emporium.
  4384 | D:5      | Bought a +1 cloak of poison resistance for 148 gold pieces
  4557 | D:6      | Reached XP level 8. HP: 52/64 MP: 7/7
  4619 | D:6      | Found Uczuj's Armour Shoppe.
  4659 | D:6      | Reached skill level 10 in Axes
  4717 | D:6      | Reached **** piety under Trog
  4717 | D:6      | Reached skill level 5 in Armour
  4832 | D:6      | Noticed a hornet
  4844 | D:6      | Killed a hornet
  4922 | D:6      | Found a sacrificial altar of Ru.
  5242 | D:6      | Found a shimmering altar of Xom.
  5419 | D:7      | Noticed a hippogriff
  5420 | D:7      | Reached skill level 11 in Axes
  5447 | D:7      | Killed a hippogriff
  5661 | D:7      | Reached XP level 9. HP: 70/70 MP: 8/8
  5822 | D:7      | Reached skill level 12 in Axes
  6409 | D:8      | Found a runed translucent gate.
  6409 | D:8      | Found a runed translucent gate.
  6409 | D:8      | Found a runed translucent gate.
  6464 | D:8      | Reached ***** piety under Trog
  6472 | D:8      | Found a shattered altar of Ashenzari.
  6515 | D:8      | Noticed an orange crystal statue
  6530 | D:8      | Killed an orange crystal statue
  6530 | D:8      | Reached skill level 13 in Axes
  6674 | D:8      | Noticed Delamore's ghost (novice GrFi)
  7407 | D:9      | Reached XP level 10. HP: 77/77 MP: 9/9
  7502 | D:9      | Reached skill level 14 in Axes
  7765 | D:9      | Found a blossoming altar of Fedhas.
  8380 | D:10     | Entered Level 10 of the Dungeon
  8447 | D:10     | Reached skill level 15 in Axes
  8447 | D:10     | Reached skill level 10 in Armour
  8472 | D:10     | Noticed a manticore
  8473 | D:10     | Found a staircase to the Lair.
  8490 | D:10     | Killed a manticore
  8491 | D:10     | HP: 4/120 [yak (8)]
  8493 | D:10     | Reached skill level 5 in Fighting
  8494 | D:10     | Noticed Harold
  8494 | D:10     | HP: 1/121 [crocodile (2)]
  8495 | D:10     | Mangled by a porcupine

Illustrated notes

Levels and vault maps discovered:
D:1:      tarquinn_simple_flora_water_a, layout_rooms, bh_walls_and_bars
D:2:      layout_loops_cross, nicolae_overflow_crystal_walls, uniq_robin
D:3:      layout_loops_ring, overflow_temple_1_default, first_ration
D:4:      layout_basic, makhleb_blood_cavern_becter
D:5:      layout_layer_cave, lemuel_crystal_altar,
          minmay_temple_entry_overgrown, basic_altar, portal_sewer_entry_d,
          serial_shops, shop
D:6:      layout_loops_ring, nicolae_ru_the_path_less_chosen,
          lemuel_round_altar, serial_shops, shop
D:7:      layout_basic
D:8:      minmay_separated_statues, layout_basic, overflow_temple_1_default,
          gammafunk_ghost_icy, grunt_ogre_cave
D:9:      layout_basic, basic_altar
D:10:     layout_stronghold, minmay_lair_entry_grove, uniq_harold

Skill      XL: |  1  2  3  4  5  6  7  8  9 10 |
---------------+-------------------------------+-----
Axes           | 4 5 6 7 8 9 11 13 15 | 15.7
Dodging        | 3 4 5 |  5.0
Armour         | 4 6 8 10 | 10.0
Fighting       | 5 |  5.1

Action                   |  1- 3 |  4- 6 |  7- 9 | 10-12 || total
-------------------------+-------+-------+-------+-------++-------
Melee: Hand axe          |    57 |    81 |   430 |   103 ||   671
       Headbutt          |    13 |    21 |   129 |    30 ||   193
Invok: Berserk           |       |     2 |     1 |     1 ||     4
       Trog's Hand       |       |       |       |     1 ||     1
  Use: Scroll            |       |       |    16 |       ||    16
 Stab: Sleeping          |     1 |     1 |       |       ||     2
       Distracted        |       |       |     1 |       ||     1
  Eat: Chunk             |     1 |     7 |    14 |     5 ||    27
Armor: Leather armour    |    18 |     8 |       |       ||    26
       Chain mail        |       |     8 |   145 |    65 ||   218
       Scale mail        |       |     1 |       |       ||     1
Dodge: Dodged            |    43 |    50 |   150 |    42 ||   285
